 Dungeon Crawl Stone Soup version 0.30-a0-1160-g6e42c06551 (webtiles) character file.

Game seed: 6405872646878446233

16 qeuew the Trooper (level 2, -1/24 HPs)
             Began as a Demonspawn Chaos Knight on Apr 26, 2023.
             Was a Plaything of Xom.
             Killed from afar by a white imp (10 damage)
             ... with a puff of frost
             ... summoned by Xom
             ... on level 1 of the Dungeon.
             The game lasted 00:00:27 (442 turns).

qeuew the Trooper (Demonspawn Chaos Knight)          Turns: 442, Time: 00:00:27

Health: -1/24      AC:  5    Str: 12    XL:     2   Next: 37%
Magic:  2/2        EV: 11    Int: 15    God:    Xom [.....*]
Gold:   11         SH:  0    Dex: 12    Spells: 1/1 levels left

rFire   . . .        a - +0 mace (chaos)
rCold   . . .        (no shield)
rNeg    . . .        b - +2 leather armour
rPois   .            (no helmet)
rElec   .            (no cloak)
rCorr   .            (no gloves)
SInv    .            (no boots)
Will    .....        (no amulet)
Stlth   +            (no ring)
HPRegen 0.24/turn    (no ring)
MPRegen 0.08/turn

%: no passive effects
@: no status effects
A: big brain 1
a: Renounce Religion


You were on level 1 of the Dungeon.
You worshipped Xom.
You were Xom's teddy bear.
You visited 1 branch of the dungeon, and saw 1 of its levels.

You collected 11 gold pieces.

Inventory:

Hand Weapons
 a - a +0 mace of chaos (weapon)
Armour
 b - a +2 leather armour (worn)
Scrolls
 d - a scroll of teleportation {unknown}
 g - a scroll of brand weapon {unknown}
Potions
 e - 2 potions of brilliance {unknown}
 f - a potion of mutation {unknown}
 h - a potion of heal wounds {unknown}
Miscellaneous
 c - a piece from Xom's chessboard (15/15) (quivered)


   Skills:
 + Level 3.1 Fighting
 + Level 2.8 Maces & Flails
 + Level 2.0 Armour
 + Level 1.2 Dodging
 + Level 0.6 Evocations


You had one spell level left.
You didn't know any spells.
Your spell library was empty.

Dungeon Overview and Level Annotations

Branches:
Dungeon (1/15)

Altars:


Innate Abilities, Weirdness & Mutations

You have an unusually large brain. (Int +2)


Message History

You are now Xom's teddy bear.
You barely miss the crimson imp. The white imp misses you.
The crimson imp hits you.
You hit the crimson imp.
The crimson imp convulses.
The crimson imp is severely wounded.
The crimson imp blinks!
The white imp barely misses you.
You hit the white imp but do no damage. The white imp hits you.
The white imp freezes you.
You hit the crimson imp but do no damage.
Space warps horribly around the crimson imp!
You kill the crimson imp!
The crimson imp disappears in a puff of smoke!
The white imp hits you but does no damage.
You hit the white imp but do no damage.
The white imp hits you but does no damage.
The white imp misses you.
You closely miss the white imp. The white imp gestures at you.
The puff of frost hits you!
You are too injured to fight recklessly!
You are too injured to fight recklessly!
You are too injured to fight recklessly!
You are too injured to fight recklessly!
You are too injured to fight recklessly!
You are too injured to fight recklessly!
You are too injured to fight recklessly!
You are too injured to fight recklessly!
You are too injured to fight recklessly!
You are too injured to fight recklessly!
You are too injured to fight recklessly!
You are too injured to fight recklessly!
A white imp is nearby!
Unknown command.
You are too injured to fight recklessly!
You hit the white imp.
The white imp is moderately wounded.
The white imp shouts, "Begone, thou reeling-ripe pigeon-egg serf!"
The white imp gestures at you. The puff of frost hits you!
You die...

..........###
............ .
.......... ..
........ ...#
#####.....#....####
#.......#.. ...#..
#......>5# .....
#......@.###...#
#####
#####.##...#...#
#.... #.####.#...#
#.... #..........#
#.... #######....#
#.... #....# #....
#....# #....
#....#####....
#.............


You could see a white imp (summoned).

Vanquished Creatures
  2 bats (D:1)
  An endoplasm (D:1)
  A giant cockroach (D:1)
  2 goblins (D:1)
  2 hobgoblins (D:1)
  2 ball pythons (D:1)
  A frilled lizard (D:1)
  A kobold (D:1)
  2 rats (D:1)
14 creatures vanquished.

Notes
Turn   | Place    | Note
-------+----------+-------------------------------------------
     0 | D:1      | qeuew the Demonspawn Chaos Knight began the quest for the
                  | Orb.
     0 | D:1      | Reached XP level 1. HP: 18/18 MP: 1/1
    27 | D:1      | Reached skill level 1 in Dodging
   104 | D:1      | XOM: divination: magic mapping
   131 | D:1      | Gained mutation: You have an unusually large brain. (Int
                  | +2) [demonic ancestry]
   131 | D:1      | Reached XP level 2. HP: 24/24 MP: 2/2
   435 | D:1      | XOM: summons 2 hostile demons
   436 | D:1      | Noticed a crimson imp
   442 | D:1      | Killed from afar by a white imp

Illustrated notes

Levels and vault maps discovered:
D:1:      mrwooster_arrival_arrow, layout_basic, minmay_tiny_reverse_x

Skill      XL: |  1  2 |
---------------+-------+-----
Dodging        | 1 |  1.2
Armour         | 2 |  2.0
Fighting       | |  3.1
Maces & Flails | |  2.8
Evocations     | |  0.6

Action                     || total
---------------------------++-------
  Melee: Mace              ||    41
   Stab: Confused          ||     1
 Armour: Leather armour    ||    30
  Dodge: Dodged            ||    32

Table legend: (Time is in decaauts)
 A = Elapsed time spent in this place.
 B = Non-inter-level travel time spent in this place.
 C = Inter-level travel time spent in this place.
 D = Time resting spent in this place.
 E = Time spent auto-exploring this place.
 F = Levels seen in this place.
 G = Mean time per level.
                   A        B        C        D        E       F      G
               +--------+--------+--------+--------+--------+-----+--------+
         Total |    453 |    453 |      0 |      0 |    352 |   1 |  453.0 |
       Dungeon |    453 |    453 |      0 |      0 |    352 |   1 |  453.0 |
               +--------+--------+--------+--------+--------+-----+--------+

Top non-repeatable levels by time:
     D:1: 453 daAuts
